 Dungeon Crawl Stone Soup version 0.25.0-26-g0c896c7088 (webtiles) character file.

Game seed: 11089734798439897146

54 Exodus22XD the Poker (level 3, -1/28 HPs)
             Began as a Demonspawn Gladiator on July 4, 2020.
             Slain by Sigmund
             ... wielding a +0 scythe
              (12 damage)
             ... on level 2 of the Dungeon.
             The game lasted 00:01:33 (1018 turns).

Exodus22XD the Poker (Demonspawn Gladiator)         Turns: 1018, Time: 00:01:34

Health: -1/28      AC:  7    Str: 15    XL:     3   Next: 66%
Magic:  3/3        EV: 11    Int:  9    God:
Gold:   57         SH:  3    Dex: 14    Spells: 2/2 levels left

rFire    . . .     SeeInvis .   a - +0 trident
rCold    . . .     Gourm    .   h - +0 buckler
rNeg     . . .     Faith    .   k - +0 scale mail
rPois    .         Spirit   .   c - +0 helmet
rElec    .         Reflect  .   (no cloak)
rCorr    .         Harm     .   (no gloves)
MR       .....                  (no boots)
Stlth    ..........             (no amulet)
HPRegen  0.09/turn              e - ring of attention (curse)
MPRegen  0.08/turn              (no ring)

@: no status effects
A: sturdy frame 1
a: no special abilities


You were on level 2 of the Dungeon.
You were not hungry.

You visited 1 branch of the dungeon, and saw 2 of its levels.

You collected 57 gold pieces.

Inventory:

Hand Weapons
 a - a +0 trident (weapon)
Missiles
 d - 3 throwing nets (quivered)
Armour
 c - a +0 helmet (worn)
 h - a +0 buckler (worn)
 k - a +0 scale mail (worn)
Jewellery
 e - a cursed ring of attention (left hand)
Scrolls
 b - a scroll of teleportation {unknown}
 i - a scroll of remove curse {unknown}
Comestibles
 f - 2 rations
 g - a chunk of flesh


   Skills:
 + Level 2.3 Fighting
 + Level 3.5 Polearms
 - Level 1.7 Throwing
 + Level 0.5 Armour
 + Level 3.2 Dodging
 + Level 0.1 Shields


You had 2 spell levels left.
You didn't know any spells.
Your spell library was empty.

Dungeon Overview and Level Annotations

Branches:
Dungeon (2/15)

Altars:

Annotations:
D:2 Sigmund


Innate Abilities, Weirdness & Mutations

Your movements are slightly less encumbered by armour. (ER -2)


Message History

Sigmund points at you and mumbles some strange words.
You are confused.
You are too confused!
You are too confused!
You're too confused!
Unknown command.
Sigmund hits you with a +0 scythe!
There is a fountain of sparkling water here.
You bump into the crystal wall.
Sigmund gestures wildly while chanting.
Sigmund flickers and vanishes!
Deactivating autopickup; reactivate with Ctrl-A.
Something hits you.
You bump into the crystal wall.
A magic dart appears from out of thin air!
The magic dart hits you.
You're too confused to move!
You feel less confused. Something hits you!
You die...

.. ... ####### ...#
##.....## ....# ##..#....#
.....## ##.##.##....
#...#### ##.##{⌠.# .##
#.#..(.# ##.####.##
#...(... #..#.###@# .
#####... #.#.♣.###.⌠.#.
#... #..#.#.###.#..# #(#>
##.##.#.###..## ##.#.
##.(###.⌠.###.# ####.)#.
#..(.###.#.##.#####....##.
#...#.#.###.#.........###.
#..#.8.###.♣.#........# #.
#...#.###÷#.#.........# #.


There were no monsters in sight!

Vanquished Creatures
  An ooze (D:2)
  3 dart slugs
  A leopard gecko (D:1)
  8 bats
  A giant cockroach (D:2)
  9 goblins
  4 hobgoblins
  3 jackals (D:1)
  4 kobolds
  4 rats
38 creatures vanquished.

Notes
Turn   | Place    | Note
-------+----------+-------------------------------------------
     0 | D:1      | Exodus22XD the Demonspawn Gladiator began the quest for the
                  | Orb.
     0 | D:1      | Reached XP level 1. HP: 16/16 MP: 1/1
    74 | D:1      | Gained mutation: Your movements are slightly less
                  | encumbered by armour. (ER -2) [demonic ancestry]
    74 | D:1      | Reached XP level 2. HP: 12/22 MP: 2/2
   482 | D:1      | Reached XP level 3. HP: 26/27 MP: 3/3
  1009 | D:2      | Noticed Sigmund
  1018 | D:2      | Slain by Sigmund

Illustrated notes

Levels and vault maps discovered:
D:1:      minmay_arrival_up_and_down, layout_rooms
D:2:      layout_rooms, nemelex_altar_shiori, grunt_decor_mini_mirrors,
          minmay_crystal_water, uniq_sigmund, uniq_jessica, uniq_robin

Skill      XL: |  1  2 |
---------------+-------+-----
Polearms       | 3 |  3.5
Dodging        | 3 |  3.2
Fighting       | |  2.3
Throwing       | |  1.7
Armour         | |  0.5
Shields        | |  0.1

Action                   || total
-------------------------++-------
Melee: Trident           ||   118
  Use: Potion            ||     2
  Eat: Chunk             ||     1
Armor: Leather armour    ||    34
       Scale mail        ||    19
Dodge: Dodged            ||    81
Block: Buckler           ||    17
